[Event "*** Titled Tuesday 3|2 Blitz"]
[Site "Chess.com"]
[Date "2017.06.06"]
[Round "10"]
[White "olgerts_indricans"]
[Black "Vamostodorecto"]
[Result "0-1"]
[WhiteElo "2291"]
[BlackElo "2324"]
[TimeControl "180+2"]
[EndTime "16:01:20 PDT"]
[Termination "Vamostodorecto won by resignation"]

1. e4 e5 2. Nf3 Nc6 3. Bc4 Nf6 4.
d3 Bc5 5. a4 a5 6. O-O O-O 7.
Nbd2 d6 8. h3 Ne7 9. Re1 Ng6 10.
Nf1 c6 11. Ba2 h6 12. c3 Nh5 13. Nxe5 Nxe5 14. d4 Qh4 15. dxc5 dxc5 16. Qe2 Be6 17. Ng3 Nxg3 18. fxg3 Qxg3 19. Rf1 Qd3 20. Qxd3 Nxd3 21. Be3 Bxa2 22. Rxa2 Rfe8 23. Rd1 c4 24. b3 Rxe4 25. Bb6 cxb3 26. Rad2 Nf4 27. Rb1 Ne2+ 28. Kf2 Nxc3 29. Rxb3 Nd5 30. Bc5 Rxa4 31. Rxb7 Rc4 32. Bd6 a4 33. Ra2 Nc3 34. Ra3 Ne4+ 0-1

[Event "*** Titled Tuesday 3|2 Blitz"]
[Site "Chess.com"]
[Date "2017.06.06"]
[Round "10"]
[White "Frolik67"]
[Black "Journey_to_GrandMaster_YT"]
[Result "1-0"]
[WhiteElo "2332"]
[BlackElo "2349"]
[TimeControl "180+2"]
[EndTime "16:01:29 PDT"]
[Termination "Frolik67 won by resignation"]

1. e4 d6 2. d4 Nf6 3. Nc3 e5 4.
dxe5 dxe5 5. Bg5 Qxd1+ 6. Rxd1 Bb4 7. Ne2 Be6 8. a3 Bd6 9. Bxf6 gxf6 10. Ng3 a6 11.
Nd5 Nd7 12. c4 Rd8 13. b4 c6 14. Ne3 Bc7 15. Be2 Nf8 16. O-O Ng6 17. Nh5 Nf4 18. Nxf4 exf4 19. Nf5 O-O 20. c5 Bxf5 21. exf5 Rxd1 22. Rxd1 Rd8 23. Rxd8+ Bxd8 24. a4 a5 25. b5 cxb5 26. Bxb5 Kf8 27. Kf1 Be7 28. c6 bxc6 29. Bxc6 Bc5 30. Ke2 Ke7 31. Kf3 Kd6 32. Be4 Ke5 33.
Bc2 h6 34. Ke2 Bb6 35. f3 Bf2 36. Kxf2 Kd4 37. Ke2 Kc3 38. Kd1 Kb4 39. Kd2 Kc4 40.
Bd1 Kb4 41. Kd3 Kc5 42. Ke4 Kc4 43.
Kxf4 Kd4 44. Bb3 1-0

[Event "*** Titled Tuesday 3|2 Blitz"]
[Site "Chess.com"]
[Date "2017.06.06"]
[Round "10"]
[White "IIIlllII1llIl"]
[Black "GMNeiksans"]
[Result "1-0"]
[WhiteElo "2544"]
[BlackElo "2651"]
[TimeControl "180+2"]
[EndTime "16:01:32 PDT"]
[Termination "IIIlllII1llIl won on time"]

1. e4 c5 2. c3 Nf6 3. e5 Nd5 4.
Nf3 d6 5. Bc4 Nb6 6. Bb3 c4 7. Bc2 dxe5 8. Nxe5 Qd5 9. Qe2 f6 10.
Nf3 Qe6 11. Be4 f5 12. Bc2 Qxe2+ 13. Kxe2 Nc6 14. Re1 e5 15. Nxe5 Nxe5 16. Kf1 Bd6 17. f4 Nd7 18. fxe5 Nxe5 19. b3 O-O 20. Ba3 Nf7 21. bxc4 f4 22. Be4 f3 23. Bd5 Bxa3 24.
Nxa3 fxg2+ 25. Kxg2 Bf5 26. Re7 Bg6 27. Rf1 Rad8 28. Nb5 a6 29. Nd4 Rd6 30. Ne6 Rb8 31.
Nf4 Kf8 32. Rc7 1-0

[Event "*** Titled Tuesday 3|2 Blitz"]
[Site "Chess.com"]
[Date "2017.06.06"]
[Round "10"]
[White "dolynachess"]
[Black "GianmarcoVaR"]
[Result "0-1"]
[WhiteElo "2312"]
[BlackElo "2438"]
[TimeControl "180+2"]
[EndTime "16:01:32 PDT"]
[Termination "GianmarcoVaR won by resignation"]

1. c4 g6 2. Nc3 Bg7 3. g3 d6 4. Bg2 e5 5. Nf3 f5 6. O-O Nf6 7. d3 O-O 8. Bg5 h6 9. Bxf6 Qxf6 10.
Rb1 g5 11. Nd2 g4 12. b4 h5 13. b5 h4 14. Nd5 Qf7 15. f3 hxg3 16. fxg4 c6 17.
bxc6 bxc6 18. gxf5 Qh5 19. hxg3 Bxf5 20. Ne7+ Kh8 21.
Nxf5 Rxf5 22. Rxf5 Qxf5 23. Ne4 Bh6 24. Bf3 Qh3 25. Bg2 Be3+ 26. Kf1 Qh2 27. Nf2 Nd7 28. Qc1 Bxc1 29. Rxc1 Rf8 30. g4 Nf6 31. Bf3 Nxg4 32. Nxg4 Qf4 33. Rb1 Qxg4 0-1

[Event "*** Titled Tuesday 3|2 Blitz"]
[Site "Chess.com"]
[Date "2017.06.06"]
[Round "10"]
[White "GameOverBro"]
[Black "dinevmk"]
[Result "1-0"]
[WhiteElo "2248"]
[BlackElo "2035"]
[TimeControl "180+2"]
[EndTime "16:01:32 PDT"]
[Termination "GameOverBro won on time"]

1. e4 c5 2. Ne2 e6 3. d4 cxd4 4.
Nxd4 a6 5. c4 Qc7 6. Be2 Nf6 7. Nc3 Bb4 8. O-O O-O 9. f3 Nc6 10. Be3 Bd6 11. f4 Nxd4 12. Qxd4 e5 13. Qd2 Bc5 14. f5 d6 15. Kh1 Bxe3 16. Qxe3 b6 17.
g4 Bb7 18. g5 Nxe4 19. Nxe4 Qc5 20. Qd3 Rac8 21. Rac1 b5 22. Bf3 bxc4 23. Nxc5 cxd3 24.
Nxb7 1-0

[Event "*** Titled Tuesday 3|2 Blitz"]
[Site "Chess.com"]
[Date "2017.06.06"]
[Round "10"]
[White "ehrenfeld"]
[Black "chessking2151"]
[Result "0-1"]
[WhiteElo "2375"]
[BlackElo "2350"]
[TimeControl "180+2"]
[EndTime "16:01:35 PDT"]
[Termination "chessking2151 won on time"]

1. e4 e5 2. Nc3 Nf6 3. f4 d5 4.
fxe5 Nxe4 5. Qf3 Nc6 6. Bb5 Nxc3 7. dxc3 a6 8. Bxc6+ bxc6 9. Bf4 Be6 10. Ne2 c5 11.
O-O Be7 12. Rad1 c6 13. Bg3 Qb6 14. b3 a5 15. Nf4 c4+ 16. Kh1 cxb3 17. axb3 O-O 18.
Bf2 Qc7 19. Bg3 Qd7 20. h3 a4 21. c4 axb3 22. cxb3 d4 23. Qe4 c5 24. Nd5 Bg5 25.
Bf4 Bxf4 26. Rxf4 Rad8 27. Nf6+ gxf6 28. exf6 Kh8 0-1

[Event "*** Titled Tuesday 3|2 Blitz"]
[Site "Chess.com"]
[Date "2017.06.06"]
[Round "10"]
[White "wonderfultime"]
[Black "Federtiu"]
[Result "1-0"]
[WhiteElo "2657"]
[BlackElo "2449"]
[TimeControl "180+2"]
[EndTime "16:01:36 PDT"]
[Termination "wonderfultime won on time"]

1. d4 g6 2. g3 Bg7 3. Bg2 d6 4. Nf3 Nd7 5. O-O e5 6. c4 Ne7 7. Nc3 O-O 8. Qc2 exd4 9. Nb5 Nc6 10. Rd1 Nde5 11. Nbxd4 Nxf3+ 12. Nxf3 Bf5 13. Qb3 Na5 14. Qa4 c6 15. Nd4 Bxd4 16. Rxd4 Be6 17.
b3 c5 18. Rd2 Rc8 19. Bb2 Qb6 20. Bc3 Nc6 21. Rxd6 Rfd8 22. Rad1 Nd4 23. Rxd8+ Rxd8 24. Rd2 1-0

[Event "*** Titled Tuesday 3|2 Blitz"]
[Site "Chess.com"]
[Date "2017.06.06"]
[Round "10"]
[White "Aikiigm"]
[Black "DryCounty"]
[Result "0-1"]
[WhiteElo "2418"]
[BlackElo "2479"]
[TimeControl "180+2"]
[EndTime "16:02:03 PDT"]
[Termination "DryCounty won by resignation"]

1. Nf3 Nf6 2. c4 g6 3. Nc3 Bg7 4. e4 O-O 5. d4 d6 6. h3 a6 7. Be3 Nbd7 8. d5 c6 9. Be2 cxd5 10. exd5 Nc5 11. O-O e5 12. dxe6 Bxe6 13. Nd4 Bd7 14. Rc1 Re8 15. Qd2 Rc8 16. Bf3 Nfe4 17. Nxe4 Nxe4 18.
Qb4 a5 19. Qxb7 Rb8 20. Qa7 Rxb2 21. Nb5 Bxb5 22. cxb5 Rxb5 23. Rc7 Rf5 24. Bg4 Rfe5 25. Rxf7 R5e7 26. Rxe7 Rxe7 27. Qa6 d5 28. Rd1 Nc3 29. Rd3 h5 30. Be6+ Kh7 31. Bg5 Rxe6 32. Qxe6 Qxg5 33. Rg3 Qf5 34. Qe7 Ne4 35. Rf3 Qe5 36. Qd7 Kh6 37. g3 Ng5 38. Re3 Qa1+ 39. Kg2 Qxa2 40.
Re7 Bd4 0-1

[Event "*** Titled Tuesday 3|2 Blitz"]
[Site "Chess.com"]
[Date "2017.06.06"]
[Round "10"]
[White "Colombiano07"]
[Black "Rodalquilar"]
[Result "1-0"]
[WhiteElo "2320"]
[BlackElo "2534"]
[TimeControl "180+2"]
[EndTime "16:02:10 PDT"]
[Termination "Colombiano07 won by resignation"]

1. d4 Nf6 2. Bg5 d5 3. Bxf6 gxf6 4. Nf3 c5 5. e3 Nc6 6. Nc3 e6 7. g3 Qb6 8. a3 cxd4 9. exd4 Bd7 10. Bg2 Na5 11.
O-O Qxb2 12. Nxd5 O-O-O 13. Nxf6 Bc6 14. c4 Bg7 15. Rb1 Qxa3 16. Nh5 Bxd4 17. Nxd4 Bxg2 18. Kxg2 Nc6 19. Nb5 Qc5 20. Qf3 Ne5 21. Nd6+ Rxd6 22. Qxb7+ Kd8 23. Qb8+ Ke7 24. Qxh8 Qc6+ 25. Kh3 Qe4 26.
Qf6+ Kd7 27. Qxf7+ Kc8 28. Qe8+ Rd8 29. Rb8+ Kxb8 30.
Qxd8+ Kb7 31. Qe7+ Kb8 32. Qxe6 Qd3 33. Qxe5+ 1-0

[Event "*** Titled Tuesday 3|2 Blitz"]
[Site "Chess.com"]
[Date "2017.06.06"]
[Round "10"]
[White "Ivan11Martic"]
[Black "Paul66666"]
[Result "0-1"]
[WhiteElo "2388"]
[BlackElo "2518"]
[TimeControl "180+2"]
[EndTime "16:02:13 PDT"]
[Termination "Paul66666 won by resignation"]

1. e4 c5 2. Nf3 d6 3. d4 Nf6 4.
Nc3 cxd4 5. Nxd4 Nc6 6. Bg5 e6 7. Qd2 a6 8. O-O-O h6 9. Nxc6 bxc6 10. Bf4 d5 11. Qe3 Bb4 12. Be2 O-O 13. Qg3 Bxc3 14.
Qxc3 Nxe4 15. Qe3 Qf6 16. f3 e5 17. Bxe5 Qxe5 18. fxe4 dxe4 19. Rd4 Bf5 20. g4 Bh7 21. h4 Rab8 22. c3 c5 23. Rc4 Rbc8 24. g5 Rc6 25.
Rg1 Kh8 26. gxh6 gxh6 27. b4 f5 28. Rxc5 Rxc5 29. Qxc5 Qxc5 30. bxc5 Rc8 31. Rf1 Rxc5 32. Kd2 a5 33. c4 Kg7 34. Kc3 Kf6 35. Kd4 Rc8 36. c5 Bg8 37. c6 Rxc6 38. a3 Rd6+ 39. Kc5 Rd5+ 40. Kb6 Ke5 41. Bb5 f4 42. Kxa5 f3 43. Kb4 Kf4 44. a4 e3 45. Bc6 e2 46. Ra1 Rd1 0-1

[Event "*** Titled Tuesday 3|2 Blitz"]
[Site "Chess.com"]
[Date "2017.06.06"]
[Round "10"]
[White "Blitzking4444"]
[Black "Rating-Schmating"]
[Result "1-0"]
[WhiteElo "2030"]
[BlackElo "2290"]
[TimeControl "180+2"]
[EndTime "16:02:15 PDT"]
[Termination "Blitzking4444 won by checkmate"]

1. e4 e6 2. d4 d5 3. Nd2 a6 4. Ngf3 Nf6 5. e5 Nfd7 6. Bd3 c5 7.
c3 Nc6 8. O-O g5 9. Nb3 h6 10.
Nxc5 Bxc5 11. dxc5 g4 12. Nd4 Ncxe5 13. b4 Nxd3 14. Qxd3 Ne5 15. Qg3 Qf6 16. Re1 Nc4 17. Bf4 h5 18. Be5 Nxe5 19. Rxe5 Bd7 20. Nf5 O-O-O 21.
Nd6+ Kb8 22. Rf5 h4 23. Qf4 Qxc3 24. Nb5+ e5 25. Rxe5 Qxa1+ 26. Re1+ Qe5 27. Qxe5+ Ka8 28. Nc7+ Ka7 29. Nxd5 Bc6 30. Nf6 Rd2 31. a4 h3 32.
b5 axb5 33. axb5 Bxb5 34. Ra1+ Ba6 35. c6 Rhd8 36. Qe3+ Ka8 37. gxh3 gxh3 38. Nd7 R2xd7 39. cxd7 Kb8 40. Qe8 Kc7 41. Rc1+ Bc4 42. Rxc4+ Kd6 43. Qxd8 b5 44. Rd4+ Ke5 45. Rd1 Ke4 46. Qe7+ Kf3 47. Rd3+ Kg4 48. d8=Q f5 49. Qg5# 1-0

[Event "*** Titled Tuesday 3|2 Blitz"]
[Site "Chess.com"]
[Date "2017.06.06"]
[Round "10"]
[White "ProfCalculus"]
[Black "amurdercastle"]
[Result "0-1"]
[WhiteElo "2149"]
[BlackElo "2287"]
[TimeControl "180+2"]
[EndTime "16:02:16 PDT"]
[Termination "amurdercastle won on time"]

1. d4 d5 2. c4 c6 3. Nc3 Nf6 4.
e3 e6 5. Nf3 Nbd7 6. Qc2 Bd6 7.
g4 h6 8. Rg1 e5 9. cxd5 cxd5 10. g5 hxg5 11. Nxg5 e4 12. h3 a6 13. Bd2 O-O 14. O-O-O b5 15. Kb1 Nb6 16. f3 Bf5 17. fxe4 dxe4 18. Be2 b4 19. Na4 Rc8 20. Nc5 Nbd5 21.
Bxa6 Ra8 22. Bc4 Qe7 23. Qb3 Bxc5 24. dxc5 Qxc5 25. Rdf1 Bg6 26. Ne6 fxe6 27. Rxg6 Rac8 28. Rc1 Qd6 29. Rcg1 Rc7 30. R1g5 Qc5 31. Be2 Qd6 32.
Bg4 Nxg4 33. Rxg4 Qh2 0-1

[Event "*** Titled Tuesday 3|2 Blitz"]
[Site "Chess.com"]
[Date "2017.06.06"]
[Round "10"]
[White "Jahonas"]
[Black "hassler2"]
[Result "0-1"]
[WhiteElo "2182"]
[BlackElo "2301"]
[TimeControl "180+2"]
[EndTime "16:02:20 PDT"]
[Termination "hassler2 won by resignation"]

1. d4 a6 2. c4 b6 3. Nc3 Bb7 4. e4 c6 5. d5 d6 6. Nf3 Nd7 7.
Bd3 h6 8. O-O g6 9. dxc6 Bxc6 10. Nd4 Bb7 11. Nd5 Bg7 12. Be3 e6 13. Nf4 e5 14. Nfe6 fxe6 15. Nxe6 Qe7 16. Nc7+ Kf7 17. Nxa8 Bxa8 18. f4 Ngf6 19. f5 g5 20. Qf3 Rc8 21.
Rac1 Nc5 22. Bxc5 bxc5 23. Rc3 Bc6 24. Ra3 Qb7 25. Rb3 Qa8 26. Re1 Rb8 27. Rxb8 Qxb8 28. Qe2 h5 29. Qd2 Bh6 30. Rb1 Qf8 31. b4 g4 32. Qc2 Qe7 33. b5 axb5 34. cxb5 Bb7 35.
a4 d5 36. a5 c4 37. Bf1 Nxe4 38. Bxc4 Be3+ 39. Kf1 dxc4 40. Qxc4+ Kf6 41. Rb2 Bd4 42. Re2 Nd6 43. Qb3 Nxf5 44. a6 Bc8 45. Qa4 Qc5 46. g3 Be6 47. a7 Qxa7 48. Qxa7 Bxa7 49.
Ra2 Bc4+ 50. Kg2 Bd5+ 51. Kf1 Ne3+ 52. Ke2 Bxa2 0-1

[Event "*** Titled Tuesday 3|2 Blitz"]
[Site "Chess.com"]
[Date "2017.06.06"]
[Round "10"]
[White "TregubovP"]
[Black "heartofatiger"]
[Result "0-1"]
[WhiteElo "2322"]
[BlackElo "2389"]
[TimeControl "180+2"]
[EndTime "16:02:25 PDT"]
[Termination "heartofatiger won by resignation"]

1. d4 Nf6 2. c4 g6 3. Nc3 d5 4.
Nf3 Bg7 5. e3 O-O 6. cxd5 Nxd5 7. Bc4 Nxc3 8. bxc3 b6 9. O-O Ba6 10. Bxa6 Nxa6 11. e4 c5 12. Qa4 Qc8 13. Bg5 h6 14. Be3 cxd4 15. cxd4 Qb7 16. Rac1 Rac8 17. h3 Kh7 18. d5 Nc5 19. Bxc5 Rxc5 20. Rxc5 bxc5 21. Rc1 Rc8 22. Qc4 a6 23. e5 Rd8 24. Rd1 Qb5 25.
Qf4 Kg8 26. d6 exd6 27. exd6 c4 28. Qe4 Bf8 29. Ne5 Bxd6 30. Rd5 Qe8 31. f4 c3 32.
Kh2 Bxe5 33. Rxe5 Qd7 34. Re7 Qd6 35. Ra7 Rc8 36. Kg3 c2 37. Qb7 Rc3+ 0-1

[Event "*** Titled Tuesday 3|2 Blitz"]
[Site "Chess.com"]
[Date "2017.06.06"]
[Round "10"]
[White "tigra"]
[Black "Patov"]
[Result "1-0"]
[WhiteElo "2643"]
[BlackElo "2342"]
[TimeControl "180+2"]
[EndTime "16:02:47 PDT"]
[Termination "tigra won by resignation"]

1. e4 c5 2. Nf3 Nc6 3. d4 cxd4 4.
Nxd4 Qb6 5. Nb5 Nf6 6. N1c3 a6 7. Be3 Qd8 8. Nd4 e5 9. Nxc6 bxc6 10. Bc4 Bb4 11. Qd3 O-O 12. O-O-O Bb7 13. Bb3 h6 14. a3 Bxc3 15. Qxc3 d5 16. exd5 cxd5 17. Qxe5 Re8 18. Qd4 Rc8 19. f3 Qa5 20. Rhe1 Re6 21. Qb4 Qc7 22. Bf4 Qc6 23. Rxe6 fxe6 24. Ba4 Qc4 25. Re1 a5 26. Qxb7 Qxf4+ 27. Kb1 Rb8 28. Qa7 Rf8 29.
Qxa5 e5 30. Bb3 Qxh2 31. Bxd5+ Nxd5 32. Qxd5+ Kh8 33. Qd2 Kh7 34. Qe2 Qg3 35. a4 Rf6 36. b3 Qg5 37. Qxe5 Qxg2 38. Qe4+ Kh8 39. Qd3 Rf8 40. Re3 h5 41. f4 Qg1+ 42. Ka2 Qg4 43. a5 Qxf4 44. Re4 Qf2 45. b4 Rc8 46. Kb3 Qf7+ 47. c4 Qf6 48. b5 Rd8 49. Qe3 Qa1 50. Re8+ Rxe8 51. Qxe8+ Kh7 52. Qxh5+ Kg8 53. Qe8+ Kh7 54.
Qe4+ Kg8 55. a6 Qb1+ 56. Qxb1 1-0

[Event "*** Titled Tuesday 3|2 Blitz"]
[Site "Chess.com"]
[Date "2017.06.06"]
[Round "10"]
[White "cstefan"]
[Black "sergiochess83"]
[Result "0-1"]
[WhiteElo "2248"]
[BlackElo "2658"]
[TimeControl "180+2"]
[EndTime "16:03:00 PDT"]
[Termination "sergiochess83 won on time"]

1. Nf3 Nf6 2. g3 d5 3. Bg2 c6 4. d3 Bg4 5. O-O Nbd7 6. Qe1 e5 7. e4 dxe4 8. dxe4 Bc5 9. Nbd2 O-O 10. a4 h6 11. Nc4 Qc7 12. h3 Be6 13. Qe2 Rfd8 14. Nh4 Bf8 15. Nf5 Nc5 16. f4 Bxf5 17. exf5 exf4 18. Bxf4 Qe7 19. Qxe7 Bxe7 20. Rfe1 Bf8 21. a5 Nd5 22. Bd2 Rab8 23. Re2 Re8 24. Rae1 Rxe2 25.
Rxe2 Na4 26. Kh2 Rd8 27. h4 Nf6 28. Bf3 Nc5 29. Bc3 Nd5 30. Rd2 Re8 31. Bd4 Nf6 32. Kg2 Rd8 33. Rd1 Nce4 34. Bxa7 Rxd1 35. Bxd1 Nd5 36.
Bf3 Nef6 37. Bd4 Be7 38. g4 Kf8 39. c3 Nf4+ 40. Kg3 N4d5 0-1

[Event "*** Titled Tuesday 3|2 Blitz"]
[Site "Chess.com"]
[Date "2017.06.06"]
[Round "10"]
[White "penguingm1"]
[Black "H16"]
[Result "1-0"]
[WhiteElo "2609"]
[BlackElo "2314"]
[TimeControl "180+2"]
[EndTime "16:03:00 PDT"]
[Termination "penguingm1 won by resignation"]

1. d4 Nf6 2. c4 g6 3. f3 Bg7 4. e4 d6 5. Nc3 O-O 6. Nge2 c5 7. d5 e6 8. Ng3 exd5 9. cxd5 a6 10. a4 h5 11. Bg5 Qc7 12. Qd2 Nh7 13. Bh6 h4 14.
Bxg7 Kxg7 15. Nge2 f5 16. exf5 Bxf5 17. g4 Bd7 18.
Bg2 Bc8 19. O-O Nd7 20. g5 Ne5 21. f4 Nc4 22. Qc1 Bg4 23. h3 Bf5 24. Ne4 b5 25.
b3 Nb6 26. axb5 axb5 27. N2c3 Qd7 28. Rxa8 Rxa8 29. Qb2 Kg8 30. Kh2 b4 31. Nd1 Re8 32. Re1 Nxd5 33. Qd2 Nc7 34. Ndf2 Re6 35. Nxc5 Qe7 36.
Nxe6 Nxe6 37. Qxb4 Nhf8 38. Bd5 Qc7 39. Qd2 Kh7 40.
Ng4 Qc5 41. b4 Qb6 42. Nf6+ Kh8 43. Qb2 Ng7 44. Ne8 Qa7 45. Nxg7 Qxg7 46. Qxg7+ Kxg7 47. Re7+ 1-0

[Event "*** Titled Tuesday 3|2 Blitz"]
[Site "Chess.com"]
[Date "2017.06.06"]
[Round "10"]
[White "NTBT_DHS"]
[Black "nurmiTV"]
[Result "1-0"]
[WhiteElo "2439"]
[BlackElo "2441"]
[TimeControl "180+2"]
[EndTime "16:03:07 PDT"]
[Termination "NTBT_DHS won by resignation"]

1. d4 Nf6 2. c4 e6 3. Nf3 b6 4. g3 Bb7 5. Bg2 Be7 6. O-O O-O 7. Nc3 Ne4 8. Bd2 d5 9. Qc2 Nd7 10.
Rfd1 Ndf6 11. cxd5 exd5 12. Ne5 Rc8 13. Nxe4 Nxe4 14.
Nc6 Qd7 15. Rac1 a5 16. Bxe4 dxe4 17. Qxe4 Bd6 18. d5 Rce8 19. Qd3 Bc5 20. Qf3 f5 21. Bxa5 f4 22. gxf4 Rf5 23. e4 Rf6 24. e5 Rg6+ 25. Kh1 Qf5 26. Bd2 Kh8 27. Be3 Bf8 28. b4 Bxc6 29.
Rxc6 Rxc6 30. dxc6 Rxe5 31. Rd8 Re6 32. Qg4 Qb1+ 33.
Kg2 Rf6 34. Bd4 Qe4+ 35. f3 Qe2+ 36. Bf2 Qe7 37. Qc8 h6 38. f5 Qxb4 39. Qxc7 Kh7 40. Qe5 Bd6 41. Qe4 Qc3 42. Rd7 b5 43. Qd4 Be5 44.
Qxc3 Bxc3 45. c7 Rc6 46. Bg3 b4 47. Rd8 Bf6 48. c8=Q Rxc8 49. Rxc8 1-0

[Event "*** Titled Tuesday 3|2 Blitz"]
[Site "Chess.com"]
[Date "2017.06.06"]
[Round "10"]
[White "stefanodinn"]
[Black "Setne007"]
[Result "1-0"]
[WhiteElo "2257"]
[BlackElo "2032"]
[TimeControl "180+2"]
[EndTime "16:03:09 PDT"]
[Termination "stefanodinn won by resignation"]

1. Nf3 e6 2. c4 d5 3. d4 Nf6 4.
Bg5 Be7 5. e3 O-O 6. Nc3 Nbd7 7.
Rc1 a6 8. cxd5 exd5 9. Bd3 c6 10. O-O Nh5 11. Bxe7 Qxe7 12. Qc2 g6 13. a3 Ndf6 14. b4 Ne8 15. Na4 Nd6 16. Nb6 Rb8 17. Ne5 Ng7 18.
Qb3 Bf5 19. Be2 Be6 20. a4 Qd8 21. a5 Nge8 22. Na4 Nc7 23. Nc5 Bf5 24. f3 f6 25.
Ned3 Kg7 26. Nf4 Qe7 27. Rfe1 g5 28. Nh5+ Kg6 29. Ng3 h5 30. Nxf5 Nxf5 31. Bd3 g4 32. Qc2 gxf3 33. Bxf5+ Kh6 34. gxf3 Rg8+ 35. Kh1 Rg5 36.
f4 Rg7 37. Qf2 Rbg8 38. Rg1 Nb5 39. Rxg7 Rxg7 40. Rg1 Nc3 41. Rxg7 Qxg7 42. Qg3 Ne2 43. Qxg7+ Kxg7 44. Nxb7 Nc1 45. Nd8 Na2 46. Nxc6 Nc3 47.
Be6 1-0

[Event "*** Titled Tuesday 3|2 Blitz"]
[Site "Chess.com"]
[Date "2017.06.06"]
[Round "10"]
[White "viggi38"]
[Black "AdrianaNikolova"]
[Result "1-0"]
[WhiteElo "2158"]
[BlackElo "2292"]
[TimeControl "180+2"]
[EndTime "16:03:14 PDT"]
[Termination "viggi38 won by checkmate"]

1. d4 Nf6 2. c4 e6 3. Nc3 Bb4 4. Qc2 c5 5. dxc5 O-O 6. Nf3 Na6 7.
g3 Nxc5 8. Bg2 Nce4 9. O-O Nxc3 10. bxc3 Bc5 11. e4 d6 12. e5 dxe5 13. Nxe5 Qe7 14. Rb1 Bd6 15. Qe2 Rb8 16. Bf4 Nd7 17. Rfd1 Bxe5 18.
Bxe5 Nxe5 19. Qxe5 Bd7 20. Qc7 Rfd8 21. Rxb7 Rxb7 22.
Bxb7 Kf8 23. Bc6 Ke8 24. Rxd7 Rxd7 25. Qc8+ Qd8 26. Bxd7+ Ke7 27. Qxd8+ Kxd8 28. Bc6 Kc7 29. Be4 f5 30. Bf3 Kb6 31. Kf1 Kc5 32. Be2 a5 33. Ke1 e5 34. Kd2 g5 35. h4 h6 36. a4 e4 37. hxg5 hxg5 38. Ke3 Kc6 39.
g4 fxg4 40. Kxe4 Kc5 41. Bxg4 Kxc4 42. Kf5 Kxc3 43. Kxg5 Kb4 44. Bd7 Kc5 45. f4 Kd6 46. Bb5 Ke7 47. f5 Kf8 48. f6 Kg8 49. Kg6 Kf8 50. f7 Ke7 51. Kg7 Kd6 52. f8=Q+ Kd5 53.
Qa8+ Kd4 54. Qxa5 Kc5 55. Be8+ Kd6 56. Qb4+ Kc7 57. Qc5+ Kd8 58. Qd6+ Kxe8 59. Qa6 Kd7 60. Kf6 Kc7 61. Ke5 Kb8 62. Qh6 Kc7 63. Kd5 Kb7 64. Kc5 Kc7 65. Qh7+ Kd8 66. Kd6 Ke8 67. Qe7# 1-0

[Event "*** Titled Tuesday 3|2 Blitz"]
[Site "Chess.com"]
[Date "2017.06.06"]
[Round "10"]
[White "Grebeniuk-S"]
[Black "ArnaudovP"]
[Result "1-0"]
[WhiteElo "2449"]
[BlackElo "2419"]
[TimeControl "180+2"]
[EndTime "16:03:17 PDT"]
[Termination "Grebeniuk-S won by resignation"]

1. e4 g6 2. d4 Bg7 3. c3 c5 4.
dxc5 Qc7 5. Be3 Nf6 6. Nd2 O-O 7. Bd3 b6 8. cxb6 axb6 9. Ngf3 Bb7 10. O-O Na6 11.
Bxa6 Rxa6 12. Qc2 d6 13. Rfe1 b5 14. a3 Nd7 15. Nd4 Bc6 16. Nxc6 Rxc6 17. Qb3 Rb8 18. Rad1 Nc5 19. Bxc5 Rxc5 20. Nf3 Rc4 21. Nd2 Rc5 22. Nf1 Rc4 23. Ne3 Rc5 24. Nd5 Qb7 25. f3 e6 26.
Ne3 Qc7 27. Rd3 h5 28. Red1 Rb6 29. Qb4 Be5 30. Qa5 Qb8 31. Qb4 Rcc6 32. Qb3 Qc7 33. Nc2 Rc4 34. Nd4 d5 35. exd5 Bxh2+ 36. Kf1 exd5 37.
Ne2 Qe7 38. Rxd5 Re6 39. Qxb5 Rh4 40. Rd7 Qf6 41. Qd5 Kg7 42. Rd4 Rxe2 43. Kxe2 Bf4 44. Re4 Rh2 45. Qd4 g5 46. Qxf6+ Kxf6 47. Kf1 h4 48.
Rxf4+ gxf4 49. Kg1 1-0

[Event "*** Titled Tuesday 3|2 Blitz"]
[Site "Chess.com"]
[Date "2017.06.06"]
[Round "10"]
[White "TenisMaster"]
[Black "Illingworth"]
[Result "1-0"]
[WhiteElo "2699"]
[BlackElo "2707"]
[TimeControl "180+2"]
[EndTime "16:03:19 PDT"]
[Termination "TenisMaster won by resignation"]

1. e4 c6 2. d4 d5 3. e5 Bf5 4.
Nf3 e6 5. Be2 Nd7 6. O-O Bg6 7.
Nbd2 Nh6 8. Nb3 Rc8 9. a4 a6 10. Bd2 c5 11. dxc5 Nxc5 12. Nbd4 Be7 13. a5 O-O 14. c3 Nf5 15. Nxf5 Bxf5 16. Nd4 Bg6 17. Be3 Qc7 18. f4 Ne4 19. Kh1 Bc5 20. Bd3 Rce8 21. Qe2 f6 22. Nf3 Bh5 23. Bd4 f5 24.
Qe3 Rc8 25. Bxc5 Qxc5 26. Nd4 Rfe8 27. h3 Kh8 28. Kh2 Qe7 29. Rg1 Rg8 30. Bxe4 dxe4 31. Raf1 Rc5 32. Nxe6 Rxa5 33. Nd4 Bg6 34. Rd1 Rf8 35.
Rd2 Ra2 36. Rgd1 h6 37. Nb3 Bh5 38. Rd7 Qe6 39. Nc5 Qc4 40. Qg3 Rg8 41. R1d5 Ra1 42.
Qf2 Rf1 43. Qh4 Qe2 44. R5d6 Qe3 45. Rxh6+ gxh6 46. Qf6+ 1-0

[Event "*** Titled Tuesday 3|2 Blitz"]
[Site "Chess.com"]
[Date "2017.06.06"]
[Round "10"]
[White "Fy_Rakotomaharo"]
[Black "Spinaltap"]
[Result "1-0"]
[WhiteElo "2423"]
[BlackElo "2495"]
[TimeControl "180+2"]
[EndTime "16:03:31 PDT"]
[Termination "Fy_Rakotomaharo won by resignation"]

1. d4 c6 2. e4 d5 3. e5 Bf5 4. Nf3 e6 5. Be2 Ne7 6. O-O Nd7 7. Nbd2 h6 8. Nb3 Bh7 9. Bd2 Nf5 10. a4 Be7 11. a5 O-O 12. g4 Nh4 13. Nxh4 Bxh4 14. f4 f5 15. c4 fxg4 16. Bxg4 Bf5 17.
Rc1 Kh8 18. Bb4 Be7 19. Bxe7 Qxe7 20. cxd5 exd5 21. Bxf5 Rxf5 22. Qg4 Qe6 23. Kh1 g6 24. Rg1 Kh7 25. a6 b6 26. Nd2 c5 27. Nf3 Rg8 28.
Nh4 c4 29. Rc3 Nf8 30. Nxf5 Qxf5 31. Qxf5 gxf5 32. Rxg8 Kxg8 33. b3 b5 34. bxc4 bxc4 35. Ra3 Ne6 36. Ra5 c3 37. Ra3 c2 38. Rc3 Nxd4 39. Kg2 Kf7 40. Kf2 Ke6 41. Ke3 Nb5 42. Rc6+ Kd7 43. Rxc2 Nc7 44. Rxc7+ Kxc7 45. Kd4 Kc6 46.
h3 h5 47. h4 1-0

[Event "*** Titled Tuesday 3|2 Blitz"]
[Site "Chess.com"]
[Date "2017.06.06"]
[Round "10"]
[White "TamNguyen2"]
[Black "proxy6"]
[Result "1-0"]
[WhiteElo "2144"]
[BlackElo "2302"]
[TimeControl "180+2"]
[EndTime "16:03:32 PDT"]
[Termination "TamNguyen2 won by resignation"]

1. d4 Nf6 2. Nf3 e6 3. c4 d5 4. g3 Be7 5. Bg2 O-O 6. O-O dxc4 7.
a4 Bd7 8. Qc2 Bc6 9. Qxc4 a6 10.
Nc3 Nbd7 11. Qd3 Rb8 12. a5 Nd5 13. e4 Nxc3 14. Qxc3 Bxe4 15. Bf4 Bc6 16. Rac1 Nf6 17. Ne5 Bxg2 18. Kxg2 Qd5+ 19. Kg1 Rbc8 20. Nc4 Rfd8 21. Ne3 Qxd4 22. Bxc7 Qxc3 23. Rxc3 Rd2 24. Be5 Rxc3 25. Bxc3 Rd7 26. Nc4 Nd5 27. Rc1 h5 28. Kg2 Bg5 29.
f4 Bd8 30. Ne5 Rc7 31. Kf3 Rc5 32. Nd3 Rc8 33. Bd2 Rxc1 34. Nxc1 Be7 35. Nd3 f6 36. Ke4 Kf7 37. f5 Nc7 38. fxe6+ Kxe6 39. Nf4+ Kd6 40. Nxh5 g6 41. Nf4 g5 42. Ng6 Bd8 43. Kf5 Kc5 44.
Bc3 Nd5 45. h4 gxh4 46. gxh4 Nxc3 47. bxc3 Bxa5 48. h5 Bxc3 49. h6 a5 50. h7 a4 51.
h8=Q a3 52. Qc8+ Kd4 53. Qd7+ Ke3 54. Qxb7 a2 55. Qa7+ Bd4 56. Qxa2 Kf3 57. Qe6 1-0

[Event "*** Titled Tuesday 3|2 Blitz"]
[Site "Chess.com"]
[Date "2017.06.06"]
[Round "10"]
[White "AkshatChandra"]
[Black "TrickyTrapChess"]
[Result "0-1"]
[WhiteElo "2706"]
[BlackElo "2311"]
[TimeControl "180+2"]
[EndTime "16:03:35 PDT"]
[Termination "TrickyTrapChess won by resignation"]

1. d4 Nf6 2. Bf4 g6 3. Nc3 Bg7 4. e4 d6 5. Qd2 c6 6. Bh6 Bxh6 7.
Qxh6 Qa5 8. O-O-O b5 9. a3 b4 10. axb4 Qa1+ 11. Nb1 Be6 12. Bd3 Ba2 13. Kd2 Qxb2 14.
Nc3 Qxb4 15. Ne2 Nbd7 16. Ra1 c5 17. d5 c4 18. Rxa2 cxd3 19. cxd3 Ne5 20. Rb1 Qc5 21. Qe3 Qxe3+ 22. fxe3 O-O 23. Rb7 Rfb8 24. Rxe7 Kf8 25. Rc7 Ne8 26. Rc6 Nxc6 27. dxc6 Nc7 28. Nd4 a6 29. Nd5 Nxd5 30. exd5 Ke7 31. e4 a5 32. Kc3 a4 33. Ra3 Kd8 34. Nf3 h6 35. e5 Kc7 36. d4 Rb5 37. Kc4 Rb2 38. g3 Rg2 39. Kd3 Rb2 40. Nd2 dxe5 41. dxe5 Ra5 42. Kc3 Rbb5 43. Nc4 Rxd5 44. Nxa5 Rxa5 45. Kb4 Rxe5 46.
Rxa4 Re4+ 47. Kb5 Rxa4 48. Kxa4 Kxc6 49. Kb4 Kd5 50. Kc3 Ke4 51. Kd2 Kf3 52. Ke1 Kg2 53.
Ke2 Kxh2 54. Kf3 f5 55. Kf2 g5 56. Kf3 g4+ 57. Kf4 h5 58. Kxf5 Kxg3 0-1